 Dungeon Sprint DCSS version 0.21.1-1-g345015f (webtiles) character file.

25 sankara the Cudgeler (level 2, -5/28 HPs)
             Began as a Minotaur Fighter on Apr 3, 2018.
             Slain by an ogre
             ... wielding a +0 giant club
              (13 damage)
             ... in the Dungeon (Sprint I: "Red Sonja").
             The game lasted 00:01:09 (126 turns).

sankara the Cudgeler (Minotaur Fighter)              Turns: 126, Time: 00:01:10

Health: -5/28      AC:  7    Str: 20    XL:     2   Next: 82%
Magic:  1/1        EV:  7    Int:  5    God:
Gold:   0          SH:  9    Dex:  9    Spells: 1/1 levels left

rFire    . . .     SeeInvis .   a - +0 flail
rCold    . . .     Gourm    .   c - +0 shield
rNeg     . . .     Faith    .   b - +0 scale mail
rPois    .         Spirit   .   (helmet restricted)
rElec    .         Reflect  .   (no cloak)
rCorr    .         Harm     .   (no gloves)
MR       .....     NoTele   +   (no boots)
Stlth    ..........             (no amulet)
HPRegen  0.09/turn              (no ring)
MPRegen  0.07/turn              (no ring)

@: no status effects
A: retaliatory headbutt, horns 2
a: no special abilities


You were in the Dungeon.
You were not hungry.

You visited 1 branch

Inventory:

Hand Weapons
 a - a +0 flail (weapon)
Armour
 b - a +0 scale mail (worn)
 c - a +0 shield (worn)
 l - a +2 leather armour of magic resistance
   (You took it off Ijyb in the Dungeon)
Scrolls
 k - a scroll of blinking {!r}
Potions
 d - a potion of might
 e - a potion of curing
 g - a potion of heal wounds
 h - a potion of haste
 i - 2 potions of magic
 j - a potion of berserk rage {!q}
Comestibles
 f - a ration


   Skills:
 + Level 4.7 Fighting
 * Level 4.9 Maces & Flails
 + Level 4.7 Armour
 + Level 4.7 Shields


You had one spell level left.
You didn't know any spells.

Dungeon Overview and Level Annotations

Branches:
Dungeon (1/1)

Altars:


Innate Abilities, Weirdness & Mutations

You reflexively headbutt those who attack you in melee.
You have a pair of horns on your head.


Message History

Welcome, sankara the Minotaur Fighter.
Press ? for a list of commands and other information.
Found a staircase leading out of the dungeon.
You open the door.
Marking area around Ijyb as unsafe for travelling.
Ijyb the Twisted Goblin comes into view.
She is wielding a dagger.
Ijyb shouts!
You block Ijyb's attack.
You closely miss Ijyb. Ijyb barely misses you.
Your shield and scale mail prevent you from hitting Ijyb.
Your headbutt misses Ijyb. Ijyb hits you but does no damage.
Your shield and scale mail prevent you from hitting Ijyb.
You block Ijyb's attack. Ijyb hits you with a dagger.
You barely miss Ijyb. Ijyb hits you but does no damage.
You barely miss Ijyb. You block Ijyb's attack.
You hit Ijyb.
Ijyb is lightly wounded.
Ijyb hits you but does no damage. You block Ijyb's attack.
You closely miss Ijyb. You headbutt Ijyb, but do no damage.
Ijyb is lightly wounded.
Ijyb barely misses you.
You hit Ijyb but do no damage. Your headbutt misses Ijyb.
Ijyb is lightly wounded.
Ijyb hits you with a dagger. Ijyb hits you but does no damage.
You are too injured to fight recklessly!
You are too injured to fight recklessly!
You are too injured to fight recklessly!
You are too injured to fight recklessly!
You are too injured to fight recklessly!
You hit Ijyb.
Ijyb is moderately wounded.
Ijyb hits you but does no damage.
You sock Ijyb!
Ijyb is heavily wounded.
You block Ijyb's attack.
You hit Ijyb but do no damage. Your headbutt misses Ijyb.
Ijyb is heavily wounded.
You block Ijyb's attack. Ijyb hits you but does no damage.
You sock Ijyb!
You kill Ijyb!
Your Fighting skill increases to level 4!
Your Maces & Flails skill gained 2 levels and is now at level 4!
Your Armour skill increases to level 4!
Your Shields skill increases to level 4!
You have reached level 2!
There is an open door here.
Things that are here:
a dagger; a glowing leather armour
l - a glowing leather armour Wear which item? (? for menu, Esc to quit)
You start removing your armour.
You continue taking off your +0 scale mail. x4
You finish taking off your +0 scale mail.
You start putting on your armour.
You continue putting on your glowing leather armour. x5
You finish putting on your +2 leather armour of magic resistance.
You feel resistant to hostile enchantments.
Wear which item? (? for menu, Esc to quit)
You start removing your armour.
You continue taking off your +2 leather armour of magic resistance. x4
You finish taking off your +2 leather armour of magic resistance.
You feel less resistant to hostile enchantments.
You start putting on your armour.
You continue putting on your +0 scale mail. x5
You finish putting on your +0 scale mail.
Wear which item? (? for menu, Esc to quit)
You start removing your armour.
You continue taking off your +0 scale mail. x4
You finish taking off your +0 scale mail.
You start putting on your armour.
You continue putting on your +2 leather armour of magic resistance. x5
You finish putting on your +2 leather armour of magic resistance.
You feel resistant to hostile enchantments.
You start resting.
HP restored.
Wear which item? (? for menu, Esc to quit)
You start removing your armour.
You continue taking off your +2 leather armour of magic resistance. x4
You finish taking off your +2 leather armour of magic resistance.
You feel less resistant to hostile enchantments.
You start putting on your armour.
You continue putting on your +0 scale mail. x5
You finish putting on your +0 scale mail.
You open the door.
An ogre comes into view. It is wielding a giant club.
The ogre shouts!
You aren't carrying any items that you can evoke.
Okay, then.
You hit the ogre. You headbutt the ogre.
The ogre is moderately wounded.
The ogre hits you with a giant club!!
Ouch! That really hurt!
* * * LOW HITPOINT WARNING * * *
You completely miss the ogre. You headbutt the ogre!
The ogre is heavily wounded.
The ogre hits you with a giant club!
You die...

##########
#<.#.@O..#
#..)..#..+
#..#### +#
#..# #..#
#..# #⌠⌠#
####


You could see an ogre.

Vanquished Creatures
  Ijyb (D)
1 creature vanquished.

Notes
Turn   | Place    | Note
-------+----------+-------------------------------------------
     0 | D        | sankara the Minotaur Fighter began the quest for the Orb.
     0 | D        | Reached XP level 1. HP: 19/19 MP: 0/0
     1 | D        | Noticed Ijyb
    15 | D        | Killed Ijyb
    15 | D        | Reached skill level 4 in Fighting
    15 | D        | Reached skill level 4 in Maces & Flails
    15 | D        | Reached skill level 4 in Armour
    15 | D        | Reached skill level 4 in Shields
    15 | D        | Reached XP level 2. HP: 19/28 MP: 1/1
   123 | D        | Noticed an ogre
   126 | D        | Slain by an ogre

Skill      XL: |  1 |
---------------+----+-----
Fighting       | 4 |  4.7
Maces & Flails | 4 |  4.9
Armour         | 4 |  4.7
Shields        | 4 |  4.7

Action                   || total
-------------------------++-------
Melee: Flail             ||    14
       Headbutt          ||     3
Armor: Scale mail        ||     6
Dodge: Dodged            ||     2
Block: Shield            ||     6

Vault maps used:
D:        dungeon_sprint_1

Table legend:
 A = Turns spent in this place as a percentage of turns spent in the entire game.
 B = Non-inter-level travel turns spent in this place as a percentage of non-inter-level travel turns spent in the entire game.
 C = Inter-level travel turns spent in this place as a percentage of turns spent in this place.
 D = Turns resting spent in this place as a percentage of non-inter-level travel turns spent in this place.
 E = Turns spent auto-exploring this place as a percentage of non-inter-level travel turns spent in this place.
 F = Non-inter-level travel turns spent in this place divided by the number of levels of this place that you've seen.
                   A       B       C       D       E      F
               +-------+-------+-------+-------+-------+----------------------
         Total | 100.0 | 100.0 |   0.0 |  50.0 |   0.0 | 126.0
       Dungeon | 100.0 | 100.0 |   0.0 |  50.0 |   0.0 | 126.0
               +-------+-------+-------+-------+-------+----------------------

Table legend:
 A = Kills in this place as a percentage of kills in entire the game.
 B = Kills by you in this place as a percentage of kills by you in the entire game.
 C = Kills by friends in this place as a percentage of kills by friends in the entire game.
 D = Other kills in this place as a percentage of other kills in the entire game.
 E = Experience gained in this place as a percentage of experience gained in the entire game.
 F = Experience gained in this place divided by the number of levels of this place that you have seen.
                   A       B       C       D       E      F
               +-------+-------+-------+-------+-------+----------------------
         Total | 100.0 | 100.0 |   N/A |   N/A | 100.0 |  36.0
       Dungeon | 100.0 | 100.0 |   N/A |   N/A | 100.0 |  36.0
               +-------+-------+-------+-------+-------+----------------------
